 Dungeon Crawl Stone Soup version 0.28-a0-631-g0446da8ef9 (webtiles) character file.

Game seed: 7656509447919228559

14 timneilson the Covered (level 2, -1/27 HPs)
             Began as a Deep Dwarf Fighter on Oct 9, 2021.
             Killed from afar by Sigmund (4 damage)
             ... with a magic dart
             ... on level 2 of the Dungeon.
             The game lasted 00:01:43 (1044 turns).

timneilson the Covered (Deep Dwarf Fighter)         Turns: 1044, Time: 00:01:43

Health: -1/27      AC:  9    Str: 19    XL:     2   Next: 31%
Magic:  2/2        EV:  7    Int:  8    God:
Gold:   55         SH:  4    Dex: 12    Spells: 1/1 levels left

rFire   . . .      SeeInvis .   a - +0 long sword
rCold   . . .      Faith    .   c - +0 buckler
rNeg    . . .      Spirit   .   e - +0 chain mail
rPois   .          Reflect  .   (no helmet)
rElec   .          Harm     .   (no cloak)
rCorr   .          Rampage  .   (no gloves)
Will    .....                   (no boots)
Stlth   ..........              (no amulet)
HPRegen 0.00/turn               (no ring)
MPRegen 0.08/turn               (no ring)

@: mighty
A: damage resistance, heal wounds, sense surroundings 1, no regeneration
a: Heal Wounds


You were on level 2 of the Dungeon.
You visited 1 branch of the dungeon, and saw 2 of its levels.

You collected 55 gold pieces.

Inventory:

Hand Weapons
 a - a +0 long sword (weapon)
Armour
 c - a +0 buckler (worn)
 e - a +0 chain mail (worn)
Potions
 f - a potion of mutation {unknown}


   Skills:
 + Level 2.7 Fighting
 * Level 2.2 Long Blades
 * Level 3.5 Armour
 + Level 0.5 Dodging
 * Level 3.5 Shields


You had one spell level left.
You didn't know any spells.
Your spell library was empty.

Dungeon Overview and Level Annotations

Branches:
Dungeon (2/15)

Altars:

Annotations:
D:2 Sigmund


Innate Abilities, Weirdness & Mutations

You are resistant to damage.
You can heal yourself by infusing magical energy.
You passively map a small area around you.
You do not regenerate.


Message History

You climb downwards.
There is a stone staircase leading up here.
A rat comes into view.
You closely miss the rat. The rat bites you.
You barely miss the rat. You block the rat's attack.
You hit the rat.
You kill the rat!
No target in view!
No target in view!
No target in view!
No target in view!
No target in view!
No target in view!
No target in view!
No target in view!
No target in view!
No target in view!
No target in view!
No target in view!
Sigmund the Dreaded comes into view.
He is wielding a +0 scythe.
Sigmund shouts!
Sigmund hits you but does no damage.
You hit Sigmund but do no damage.
Sigmund points at you and mumbles some strange words.
The puff of flame hits you!
You closely miss Sigmund. Sigmund closely misses you.
You feel very mighty all of a sudden. Sigmund hits you but does no damage.
You closely miss Sigmund. Sigmund hits you with a +0 scythe!
You barely miss Sigmund. Sigmund hits you but does no damage.
You completely miss Sigmund. Sigmund casts a spell at you.
The puff of flame hits you!
* * * LOW HITPOINT WARNING * * *
You hit Sigmund.
Sigmund is lightly wounded.
Sigmund says, "Look into my eyes."
Sigmund points at you and mumbles some strange words.
The magic dart hits you.
You die...

, , , , #.
#. ,* * #.
, , .## *
, *..#
*#.####
#@##<#
#@##.###
*, *
#......# ,
,*
####.#.#,,
* #.#.#,*
#.#.#,
#.#.. ,
#.### *
#.# , #.#


You could see Sigmund.

Vanquished Creatures
  2 endoplasms (D:1)
  3 bats (D:1)
  13 rats
18 creatures vanquished.

Notes
Turn   | Place    | Note
-------+----------+-------------------------------------------
     0 | D:1      | timneilson the Deep Dwarf Fighter began the quest for the
                  | Orb.
     0 | D:1      | Reached XP level 1. HP: 20/20 MP: 1/1
   367 | D:1      | Found a faded altar of an unknown god.
   540 | D:1      | Reached XP level 2. HP: 25/27 MP: 2/2
  1036 | D:2      | Noticed Sigmund
  1044 | D:2      | Killed from afar by Sigmund

Illustrated notes

Levels and vault maps discovered:
D:1:      roderic_crop_circles_arrival_small, layout_basic,
          hellmonk_ecumenical_altar_heavens_door, minmay_rat_gold_closets
D:2:      layout_basic, uniq_sigmund, uniq_jessica

Action                   || total
-------------------------++-------
Melee: Long sword        ||    54
  Use: Scroll            ||     2
       Potion            ||     1
Armor: Scale mail        ||    21
       Chain mail        ||    14
Dodge: Dodged            ||    15
Block: Buckler           ||    18

Table legend: (Time is in decaauts)
 A = Elapsed time spent in this place.
 B = Non-inter-level travel time spent in this place.
 C = Inter-level travel time spent in this place.
 D = Time resting spent in this place.
 E = Time spent auto-exploring this place.
 F = Levels seen in this place.
 G = Mean time per level.
                   A        B        C        D        E       F      G
               +--------+--------+--------+--------+--------+-----+--------+
         Total |   1060 |   1029 |     31 |      9 |    880 |   2 |  530.0 |
       Dungeon |   1060 |   1029 |     31 |      9 |    880 |   2 |  530.0 |
               +--------+--------+--------+--------+--------+-----+--------+

Top non-repeatable levels by time:
     D:1: 1041 daAuts
     D:2: 19 daAuts
